 Dungeon Crawl Stone Soup version 0.27-a0-1301-g128193abf8 (webtiles) character file.

Game seed: 17219417710935376109

28 Sobieck the Skirmisher (level 2, -5/27 HPs)
             Began as a Minotaur Abyssal Knight on June 17, 2021.
             Was a Follower of Lugonu.
             Killed from afar by an orc wizard (10 damage)
             ... with a magic dart
             ... on level 2 of the Dungeon.
             The game lasted 00:02:35 (1113 turns).

Sobieck the Skirmisher (Minotaur Abyssal Knight)    Turns: 1113, Time: 00:02:35

Health: -5/27      AC:  3    Str: 16    XL:     2   Next: 96%
Magic:  2/2        EV: 11    Int:  9    God:    Lugonu [*.....]
Gold:   34         SH:  0    Dex:  9    Spells: 1/1 levels left

rFire    . . .     SeeInvis .   a - +1 hand axe {axe}
rCold    . . .     Faith    .   (no shield)
rNeg     . . .     Spirit   .   b - +0 leather armour
rPois    .         Reflect  .   (helmet restricted)
rElec    .         Harm     .   (no cloak)
rCorr    .         Rampage  .   (no gloves)
Will     .....                  (no boots)
Stlth    +.........             (no amulet)
HPRegen  0.09/turn              (no ring)
MPRegen  0.08/turn              (no ring)

@: no status effects
A: horns 2, retaliatory headbutt
a: Renounce Religion, Depart the Abyss


You were on level 2 of the Dungeon.
You worshipped Lugonu.
Lugonu was aware of your devotion.
You visited 1 branch of the dungeon, and saw 3 of its levels.
You visited the Abyss 1 time.

You collected 34 gold pieces.


Innate Abilities, Weirdness & Mutations

You have a pair of horns on your head.
You reflexively headbutt those who attack you in melee.


   Skills:
 - Level 4.0 Fighting
 + Level 3.2 Axes
 - Level 2.4 Armour
 - Level 1.1 Dodging
 + Level 2.5 Invocations


You had one spell level left.
You didn't know any spells.
Your spell library was empty.

Inventory:

Hand Weapons
 a - a +1 hand axe (weapon) {axe}
 h - a +1 dagger of protection {short}
   (You found it on level 1 of the Dungeon)
Missiles
 c - 11 bolts
 d - 25 stones {throwing}
Armour
 b - a +0 leather armour (worn)
 e - a +0 pair of gloves
   (You found it on level 1 of the Dungeon)
Scrolls
 g - a scroll of identify {unknown}
Potions
 f - a potion of cancellation {unknown}
 i - a potion of flight {unknown}

Dungeon Overview and Level Annotations

Branches:
Dungeon (3/15)

Altars:

Annotations:
D:3 Jessica

### ..... #..
...). #.# .=#.. #
#.# ......
#.###.###..#...
###...)).........
......{@.........
.########.##.###
#.# #.# #<# #.#
#.# #.# ..#


There were no monsters in sight!


Message History

There is a stone staircase leading up here.
You climb upwards.
There is a stone staircase leading down here.
There is an open door here.
Things that are here:
a +0 dagger {short}; a goblin corpse
i - a black potion You now have 34 gold pieces (gained 11).
There is an open door here.
Done exploring.
Done exploring.
(D) Dungeon
Where to? (Enter - D:2, ? - help)
There is a stone staircase leading down here.
You climb downwards.
There is a stone staircase leading up here. 3 orcs come into view.
An orc is wielding a +0 short sword of draining.
The orc shouts! x3
An orc comes into view. It is wielding a +0 club.
The orc shouts!
An orc wizard comes into view. It is wielding a +0 dagger.
The orc wizard shouts!
You closely miss the orc. You hit the orc. The orc barely misses you.
You hit the orc.
You kill the orc!
Lugonu accepts your kill.
You hit the orc.
The orc wizard casts a spell.
The orc wizard flickers and vanishes!
Deactivating autopickup; reactivate with Ctrl-A.
The orc hits you with a +0 short sword. 😕 HP[-3]
You take 3 damage, and now have 24/27 hp.
You barely miss the orc. You hit the orc. The orc barely misses you.
You furiously retaliate!
You headbutt the orc!
You kill the orc!
Lugonu accepts your kill. The orc barely misses you.
You barely miss the orc. x2; The orc closely misses you.
The orc hits you with a +0 club. 😕 HP[-2]
You take 2 damage, and now have 22/27 hp.
You hit the orc.
You kill the orc!
Lugonu accepts your kill.
You hit the orc. The orc misses you. You furiously retaliate!
You headbutt the orc. You hit the orc.
You kill the orc!
Lugonu accepts your kill.
You miss something. Something hits you. 😕 HP[-1]
You take 1 damage, and now have 21/27 hp.
No target in view!
No target in view!
No target in view!
Unknown command.
You closely miss something. You headbutt something.
Something hits you. 😮 HP[-2]
You take 2 damage, and now have 19/27 hp.
You miss something. Something hits you but does no damage.
You barely miss something.
You hear some strange, mumbled words.
A puff of flame appears from out of thin air!
The puff of flame hits you!
* * * LOW HITPOINT WARNING * * *
😨 HP[-7]
You take 7 damage, and now have 12/27 hp.
MASSIVE DAMAGE!! (PAUSE)
You miss something. Something hits you.
* * * LOW HITPOINT WARNING * * *
😨 HP[-1]
You take 1 damage, and now have 11/27 hp.
You hit something but do no damage. Something hits you.
* * * LOW HITPOINT WARNING * * *
😨 HP[-1]
You take 1 damage, and now have 10/27 hp.
You closely miss something. Something hits you.
* * * LOW HITPOINT WARNING * * *
Something hits you.
* * * LOW HITPOINT WARNING * * *
😨 HP[-3]
You take 3 damage, and now have 7/27 hp.
You closely miss something. Something hits you.
* * * LOW HITPOINT WARNING * * *
😱 HP[-2]
You take 2 damage, and now have 5/27 hp.
You miss something.
You hear some strange, mumbled words.
A puff of flame appears from out of thin air!
The puff of flame misses you.
Unknown command.
You miss something. Your headbutt misses something.
Something hits you but does no damage.
You miss something. You headbutt something!
You hear some strange, mumbled words.
A magic dart appears from out of thin air!
The magic dart hits you!
You die...

Skill      XL: |  1  2 |
---------------+-------+-----
Invocations    | 2 |  2.5
Fighting       | 4 |  4.0
Axes           | 3 |  3.2
Armour         | |  2.4
Dodging        | |  1.1

Action                   || total
-------------------------++-------
Melee: Hand axe          ||    41
       Headbutt          ||     4
Invok: Depart the Abyss  ||     1
  Use: Potion            ||     1
Armor: Leather armour    ||     9
Dodge: Dodged            ||    30

Levels and vault maps discovered:
D:1:      amcnicky_arrival_underground_garden, layout_basic,
          ebering_ecumenical_altar_mist
D:2:      layout_loops_ring, serial_shops, nicolae_lakefront_shop, shop, shop,
          nicolae_shop_crystal, uniq_natasha
D:3:      layout_rooms, uniq_jessica, uniq_sigmund

Notes
Turn   | Place    | Note
-------+----------+-------------------------------------------
     0 | Abyss:1  | Sobieck the Minotaur Abyssal Knight began the quest for the
                  | Orb.
     0 | Abyss:1  | Reached XP level 1. HP: 19/19 MP: 1/1
     0 | Abyss:1  | magus.rc [v1.9.6]
    25 | Abyss:2  | Noticed a ynoxinul
    33 | D:1      | You pass through the gate.
    33 | D:1      | Escaped the Abyss
   138 | D:3      | Noticed Jessica
   140 | D:3      | Reached skill level 2 in Invocations
   342 | D:1      | Reached XP level 2. HP: 26/27 MP: 2/2
   349 | D:1      | Found a faded altar of an unknown god.
   621 | D:1      | Reached skill level 4 in Fighting
   626 | D:1      | Reached * piety under Lugonu
   645 | D:1      | Reached skill level 3 in Axes
  1110 | D:2      | HP: 5/27 [something (2)]
  1113 | D:2      | Killed from afar by an orc wizard

Vanquished Creatures
  4 orcs (D:2)
  An endoplasm (D:1)
  3 goblins (D:1)
  A hobgoblin (D:3)
  3 jackals (D:1)
  3 kobolds (D:1)
  3 ball pythons
  2 frilled lizards (D:1)
20 creatures vanquished.

Table legend:
 A = Non-vault XP
 B = Vault XP
 C = Vault XP percentage of total XP
 D = Non-vault monster count
 E = Vault monster count
 F = Vault count percentage of total count
                 A         B        C        D         E       F
            +---------+---------+-------+---------+---------+-------
      Total |      40 |       0 |   0.0 |      20 |       0 |   0.0
            +---------+---------+-------+---------+---------+-------
        D:1 |      25 |       0 |   0.0 |      14 |       0 |   0.0
        D:2 |      12 |       0 |   0.0 |       4 |       0 |   0.0
        D:3 |       3 |       0 |   0.0 |       2 |       0 |   0.0
            +---------+---------+-------+---------+---------+-------

Illustrated notes

Table legend:
 A = Kills in this place as a percentage of kills in entire the game.
 B = Kills by you in this place as a percentage of kills by you in the entire game.
 C = Kills by friends in this place as a percentage of kills by friends in the entire game.
 D = Other kills in this place as a percentage of other kills in the entire game.
 E = Experience gained in this place as a percentage of experience gained in the entire game.
 F = Experience gained in this place divided by the number of levels of this place that you have seen.
                   A       B       C       D       E      F
               +-------+-------+-------+-------+-------+----------------------
         Total | 100.0 | 100.0 |   N/A |   N/A | 100.0 |   8.0
       Dungeon | 100.0 | 100.0 |   N/A |   N/A | 100.0 |  13.3
               +-------+-------+-------+-------+-------+----------------------

Table legend: (Time is in decaauts)
 A = Elapsed time spent in this place.
 B = Non-inter-level travel time spent in this place.
 C = Inter-level travel time spent in this place.
 D = Time resting spent in this place.
 E = Time spent auto-exploring this place.
 F = Levels seen in this place.
 G = Mean time per level.
                   A        B        C        D        E       F      G
               +--------+--------+--------+--------+--------+-----+--------+
         Total |   1122 |   1070 |     52 |    217 |    695 |   5 |  224.4 |
       Dungeon |   1089 |   1037 |     52 |    217 |    692 |   3 |  363.0 |
         Abyss |     33 |     33 |      0 |      0 |      3 |   2 |   16.5 |
               +--------+--------+--------+--------+--------+-----+--------+

Top non-repeatable levels by time:
     D:1: 1030 daAuts
     D:2: 35 daAuts
     D:3: 23 daAuts
 Abyss:2: 21 daAuts
 Abyss:1: 12 daAuts
